 Dungeon Crawl Stone Soup version 0.25-a0-294-gea9b1ad378 (webtiles) character file.

Game seed: 12863668601171662979, levelgen mode: deterministic

65 Redear the Skirmisher (level 3, -1/30 HPs)
             Began as a Mummy Monk on Dec 18, 2019.
             Slain by an adder (2 damage)
             ... on level 3 of the Dungeon.
             The game lasted 00:06:02 (2205 turns).

Redear the Skirmisher (Mummy Monk)                  Turns: 2205, Time: 00:06:02

Health: -1/30      AC:  2    Str: 14    XL:     3   Next: 92%
Magic:  3/3        EV: 14    Int:  9    God:
Gold:   39         SH:  0    Dex: 19    Spells: 2/2 levels left

rFire    x . .     SeeInvis .     - Unarmed
rCold    + . .     Gourm    .   (no shield)
rNeg     + + +     Faith    .   (no armour)
rPois    ∞         Spirit   .   (no helmet)
rElec    .         Reflect  .   (no cloak)
rCorr    .         Harm     .   b - +0 pair of gloves
MR       .....                  g - +0 pair of boots
Stlth    ++........             (no amulet)
HPRegen  0.10/turn              f - ring of flight {+Fly}
MPRegen  0.08/turn              j - +4 ring of dexterity

@: very slightly contaminated
A: no food or potions, fire vulnerability, cold resistance 1, negative energy
resistance 3, torment resistance, unbreathing
a: Evoke Flight


You were on level 3 of the Dungeon.
You were not hungry.

You visited 1 branch of the dungeon, and saw 3 of its levels.

You collected 39 gold pieces.

Inventory:

Armour
 b - a +0 pair of gloves (worn)
 g - a +0 pair of boots (worn)
Jewellery
 f - a ring of flight (left hand) {+Fly}
 j - a +4 ring of dexterity (right hand)
Scrolls
 a - a scroll of noise
 c - a scroll of amnesia
 i - 2 scrolls of immolation
 R - a scroll of identify {@r1}


   Skills:
 + Level 3.7 Fighting
 + Level 3.0 Dodging
 - Level 1.5 Stealth
 + Level 3.0 Unarmed Combat


You had 2 spell levels left.
You didn't know any spells.
Your spell library was empty.

Dungeon Overview and Level Annotations

Branches:
Dungeon (3/15)

Altars:
The Shining One


Innate Abilities, Weirdness & Mutations

You do not eat or drink.
Your flesh is vulnerable to fire.
You are immune to poison.
Your flesh is cold resistant. (rC+)
You are immune to negative energy. (rN+++)
You are immune to unholy pain and torment.
You can survive without breathing.


Message History

You hear the drain falling apart.
The walls and floor vibrate strangely for a moment.
Unknown command.
Unknown command.
You hit the adder but do no damage. The adder bites you.
* * * LOW HITPOINT WARNING * * *
You take 3 damage, and have 3/30 hp.
Blink to where?
Press: ? - help, Dir - move target cursor You are very lightly contaminated with residual magic.
As you read the scroll labeled MIAMUEF SUTH, it crumbles to dust.
It was a scroll of blinking.
Things that are here:
a +0 club; a goblin corpse You see here a +0 club.
Okay, then.
You miss the adder. The adder bites you.
* * * LOW HITPOINT WARNING * * *
The adder bites you.
You die...

#............r)S..###
#.####)#####.######
#.# #.# #.#
#####.####.# #.#
#....⌠.....## #.#
............####.#
.................#
..............#S##
.........K......@#
.................#
...≈≈≈≈≈≈........#
..≈≈####≈≈.......#
..≈## ##≈.......#
..≈# #≈.....⌠.# ..≈#
#≈.......# ..≈##
#≈.......#
..≈≈####≈≈.....


You could see an adder and a kobold (wandering).

Vanquished Creatures
  An adder (D:3)
  An ooze (D:1)
  A worm (D:3)
  2 leopard geckos (D:3)
  4 ball pythons
  6 bats
  3 giant cockroaches
  7 hobgoblins
  A frilled lizard (D:1)
  7 goblins
  3 kobolds (D:1)
  8 rats
44 creatures vanquished.

Notes
Turn   | Place    | Note
-------+----------+-------------------------------------------
     0 | D:1      | Redear the Mummy Monk began the quest for the Orb.
     0 | D:1      | Reached XP level 1. HP: 18/18 MP: 1/1
   230 | D:1      | Reached XP level 2. HP: 24/24 MP: 2/2
   867 | D:1      | Reached XP level 3. HP: 26/29 MP: 3/3
  1784 | D:3      | Reached skill level 3 in Unarmed Combat
  2002 | D:3      | Reached skill level 3 in Dodging
  2027 | D:3      | Found a glowing golden altar of the Shining One.
  2165 | D:3      | Found a glowing drain.
  2192 | D:3      | HP: 3/30 [adder (3)]
  2205 | D:3      | HP: 1/30 [adder (4)]
  2205 | D:3      | Slain by an adder

Levels and vault maps discovered:
D:1:      wander_arrival_chamber, layout_loops_corners, kennysheep_boxes
D:2:      layout_basic, overflow_temple_1_default,
          chequers_serial_rivers_small_3, uniq_terence, uniq_sigmund
D:3:      layout_loops_ring, first_ration, portal_sewer_entry_c,
          kennysheep_decorative_pillar, chequers_serial_rivers_large_b,
          nicolae_tso_carved_into_rock

Skill      XL: |  1  2  3 |
---------------+----------+-----
Unarmed Combat | 3 |  3.0
Dodging        | 3 |  3.0
Fighting       | |  3.7
Stealth        | |  1.5

Action                   || total
-------------------------++-------
Melee: Unarmed           ||   171
       Punch             ||     2
  Use: Scroll            ||     6
 Stab: Sleeping          ||     6
Armor: Skin              ||     6
Dodge: Dodged            ||   121

Table legend:
 A = Non-vault XP
 B = Vault XP
 C = Vault XP percentage of total XP
 D = Non-vault monster count
 E = Vault monster count
 F = Vault count percentage of total count
                 A         B        C        D         E       F
            +---------+---------+-------+---------+---------+-------
      Total |      90 |       3 |   3.2 |      42 |       2 |   4.5
            +---------+---------+-------+---------+---------+-------
        D:1 |      46 |       0 |   0.0 |      25 |       0 |   0.0
        D:2 |       1 |       0 |   0.0 |       1 |       0 |   0.0
        D:3 |      43 |       3 |   6.5 |      16 |       2 |  11.1
            +---------+---------+-------+---------+---------+-------
